 Dungeon Crawl Stone Soup version 0.29-a0-1043-g569b05d6ff (webtiles) character file.

Game seed: 7048444686643693352

73 greasedhog the Shooter (level 4, -10/26 HPs)
             Began as a Gargoyle Hunter on Aug 15, 2022.
             Killed by an exploding goblin (28 damage)
             ... ignited by their inner flame
             ... on level 2 of the Dungeon.
             The game lasted 00:01:56 (1011 turns).

greasedhog the Shooter (Gargoyle Hunter)            Turns: 1011, Time: 00:01:58

Health: -10/26     AC:  6    Str: 15    XL:     4   Next: 27%
Magic:  4/4        EV: 11    Int:  9    God:
Gold:   23         SH:  0    Dex: 15    Spells: 3/3 levels left

rFire   . . .      SeeInvis .   a - +0 shortbow
rCold   . . .      Faith    .   (shield currently unavailable)
rNeg    + . .      Spirit   .   c - +0 leather armour
rPois   ∞          Reflect  .   (no helmet)
rElec   +          Harm     .   (no cloak)
rCorr   .          Rampage  .   (no gloves)
Will    .....                   (no boots)
Stlth   ++........              (no amulet)
HPRegen 0.08/turn               (no ring)
MPRegen 0.09/turn               (no ring)

@: no status effects
A: sickness immunity, AC +3, negative energy resistance 1, electricity
resistance, torment resistance 1, petrification resistance
a: no special abilities


You were on level 2 of the Dungeon.
You visited 1 branch of the dungeon, and saw 2 of its levels.

You collected 23 gold pieces.

Inventory:

Hand Weapons
 a - a +0 shortbow (weapon)
 g - a +0 whip of pain
Armour
 c - a +0 leather armour (worn)
Scrolls
 e - 2 scrolls of magic mapping
Potions
 d - 2 potions of curing {unknown}
 f - a potion of might {unknown}
 h - a potion of mutation {unknown}
 i - a potion of magic {unknown}


   Skills:
 - Level 2.1 Fighting
 * Level 4.9 Ranged Weapons
 - Level 1.5 Dodging
 * Level 3.4 Stealth


You had 3 spell levels left.
You didn't know any spells.
Your spell library was empty.

Dungeon Overview and Level Annotations

Branches:
Dungeon (2/15)

Altars:
Zin

Shops:
D:1 !

Annotations:
D:2 Robin


Innate Abilities, Weirdness & Mutations

You are immune to sickness and miasma.
Your stone body is resilient. (AC +3)
You are immune to poison.
You resist negative energy. (rN+)
You are resistant to electric shocks. (rElec)
You are resistant to unholy torment.
You are immune to petrification.


Message History

Robin says, "My goblins will feast on your bones."
Robin roars a battlecry!
The goblins go into a battle-frenzy!
You hear a shout!
Found a chain mail.
Really read the scroll of immolation?
As you read the scroll of immolation, it crumbles to dust.
The creatures around you are filled with an inner flame!
The hobgoblin shouts!
Robin throws the goblin at you! The goblin hits you but does no damage.
Okay, then.
Really attack while wielding your +0 shortbow? [Y]es or [N]o only, please.
Really attack while wielding your +0 shortbow?
Okay, then.
Fire: a) +0 shortbow
Press: ? - help, Q - select action Shift-Dir - straight line, f - goblin
Aim: a goblin, wielding a +0 dagger (inner flame, strong, 55% to hit)
You shoot an arrow. The arrow closely misses the goblin.
The goblin hits you but does no damage.
Robin hits you from afar with a +0 spear.
The goblin closely misses you.
Fire: a) +0 shortbow
Press: ? - help, Q - select action Shift-Dir - straight line, f/p - goblin
Aim: a goblin, wielding a +0 dagger (inner flame, strong, 55% to hit)
You shoot an arrow. The arrow closely misses the goblin.
The goblin hits you with a +0 dagger. x2; Robin closely misses you.
The goblin barely misses you. The goblin misses you.
Fire: a) +0 shortbow
Press: ? - help, Q - select action Shift-Dir - straight line, f/p - goblin
Aim: a goblin, wielding a +0 dagger (inner flame, strong, 55% to hit)
You shoot an arrow. The arrow hits the goblin.
Flame seeps out of the goblin.
The goblin is moderately wounded.
The goblin barely misses you. Robin hits you but does no damage.
A hobgoblin comes into view.
The goblin is engulfed in blazing flames.
The goblin explodes!
The fiery explosion engulfs you!!
Ouch! That really hurt!
You die...

,,,,,,,,,.................##.....
***,******#...............##.....
***,* #...............##.....
,,,,*****##........)......'......
,,,,,,,,,)................##.....
,,,,*****#######.########.###....
,,,,* #§# #.# #.... ,,,,* #○# #.#
#.... ***** #@# **#.######.
***************#g#*****,.........
,,,,,,,,,**,,,,ggg,,,,,..........
,,,,,,,,,**,,,gggg.,,,,..........
,,,,,,,,,**,,..[....,,,....#####.
,,,,,,,,,**,.........,,..........
,,,,,,,,,**...........,.......<..
,,***,****#######................
***,***,***,***,******,..........


You could see Robin (inner flame), 4 hobgoblins and 3 goblins.

Vanquished Creatures
  3 gnolls
  An adder (D:2)
  2 worms (D:2)
  A dart slug (D:1)
  3 bats
  3 endoplasms (D:1)
  A giant cockroach (D:1)
  4 goblins
  A quokka (D:1)
  5 ball pythons
  3 frilled lizards
  2 kobolds (D:1)
  4 rats (D:1)
33 creatures vanquished.

Notes
Turn   | Place    | Note
-------+----------+-------------------------------------------
     0 | D:1      | greasedhog the Gargoyle Hunter began the quest for the Orb.
     0 | D:1      | Reached XP level 1. HP: 12/12 MP: 1/1
    31 | D:1      | Reached XP level 2. HP: 17/17 MP: 2/2
    97 | D:1      | Found Nax Ukke's Distillery.
   116 | D:1      | Reached XP level 3. HP: 21/21 MP: 3/3
   340 | D:1      | Found a faded altar of an unknown god.
   718 | D:2      | Found a glowing silver altar of Zin.
   745 | D:2      | Reached XP level 4. HP: 26/26 MP: 4/4
  1007 | D:2      | Noticed Robin
  1011 | D:2      | Killed by an exploding goblin... ignited by their inner
                  | flame

Illustrated notes

Levels and vault maps discovered:
D:1:      co_arrival_square_in_a_square_in_a_square, layout_basic, serial_shops,
          nicolae_shop_hallway_stairs, ebering_ecumenical_altar_ruins,
          chequers_decorated_corner
D:2:      layout_basic, basic_altar, grunt_decor_resistance, chequers_big_river,
          kennysheep_generic_room_14, uniq_robin, uniq_jessica

Skill      XL: |  1  2  3 |
---------------+----------+-----
Stealth        | 2 3 |  3.4
Fighting       | |  2.1
Ranged Weapons | |  4.9
Dodging        | |  1.5

Action                   |  1- 3 |  4- 6 || total
-------------------------+-------+-------++-------
 Fire: Shortbow          |    80 |     9 ||    89
  Use: Scroll            |       |     2 ||     2
Armor: Leather armour    |    12 |     5 ||    17
Dodge: Dodged            |    22 |     6 ||    28

Table legend: (Time is in decaauts)
 A = Elapsed time spent in this place.
 B = Non-inter-level travel time spent in this place.
 C = Inter-level travel time spent in this place.
 D = Time resting spent in this place.
 E = Time spent auto-exploring this place.
 F = Levels seen in this place.
 G = Mean time per level.
                   A        B        C        D        E       F      G
               +--------+--------+--------+--------+--------+-----+--------+
         Total |   1038 |    974 |     64 |    135 |    607 |   2 |  519.0 |
       Dungeon |   1038 |    974 |     64 |    135 |    607 |   2 |  519.0 |
               +--------+--------+--------+--------+--------+-----+--------+

Top non-repeatable levels by time:
     D:1: 717 daAuts
     D:2: 321 daAuts
